 Dungeon Crawl Stone Soup version 0.18-a0-1788-g92de1ac (webtiles) character file.

23 macross the Grave Robber (level 2, -3/19 HPs)
             Began as a Demonspawn Necromancer on Apr 21, 2016.
             Slain by an orc wizard
             ... wielding a +0 club
              (4 damage)
             ... on level 2 of the Dungeon.
             The game lasted 00:09:18 (1128 turns).

macross the Grave Robber (Demonspawn Necromancer)   Turns: 1128, Time: 00:09:19

Health: -3/19      AC:  3    Str:  8    XL:     2   Next: 75%
Magic:  0/5        EV: 11    Int: 16    God:
Gold:   10         SH:  0    Dex: 13    Spells: 2 memorised, 3 levels left

rFire  . . .     SeeInvis .     (no weapon)
rCold  . . .     Gourm    .     h - +0 leather armour
rNeg   . . .     Faith    .     (no shield)
rPois  .         Spirit   .     (helmet restricted)
rElec  .         Dismiss  .     (no cloak)
rCorr  .         Reflect  .     (no gloves)
SustAt .         Harm     .     (no boots)
MR     .....                    (no amulet)
Stlth  ++........               (no ring)
                                (no ring)

@: very slightly contaminated, not resistant to hostile enchantments, unstealthy
A: antennae 1
a: no special abilities


You were on level 2 of the Dungeon.
You were not hungry.

You visited 1 branch of the dungeon, and saw 2 of its levels.

You collected 10 gold pieces.

Inventory:

Hand Weapons
 l - a +0 dagger
Armour
 a - a +0 robe
 h - a +0 leather armour (worn)
Scrolls
 d - a scroll of immolation
 e - a scroll of identify
 g - a scroll of random uselessness {unknown}
 i - 3 scrolls of magic mapping {unknown}
 j - a scroll of blinking {unknown}
 k - a scroll of enchant armour {unknown}
Potions
 f - a potion of degeneration {unknown}
 m - a potion of brilliance {unknown}
 n - a potion of flight {unknown}
Books
 b - a book of Necromancy

   Spells                             Type                      Level
   a - Pain                           Necromancy                   1
   b - Animate Skeleton               Necromancy                   1
   c - Vampiric Draining              Necromancy                   3
   d - Regeneration                   Charms/Necromancy            3
   e - Animate Dead                   Necromancy                   4
   f - Control Undead                 Necromancy                   4
Comestibles
 c - a bread ration


   Skills:
 + Level 0.1 Armour
 + Level 2.0 Dodging
 + Level 1.7 Stealth
 + Level 2.3 Spellcasting
 + Level 4.9 Necromancy


You had 3 spell levels left.
You knew the following spells:

 Your Spells              Type           Power        Failure   Level  Hunger
a - Pain                  Necr           ###.         4%          1    #......
b - Animate Skeleton      Necr           N/A          4%          1    #......


Dungeon Overview and Level Annotations

Branches:
Dungeon (2/15)

Altars:


Innate Abilities, Weirdness & Mutations

You have a pair of small antennae on your head.


Message History

Casting: Pain
Confirm with . or Enter, or press ? or * to list all spells.
Aiming: Pain
Press: ? - help, Shift-Dir - straight line, f - orc
Aim: an orc, wielding a short sword and wearing a ring mail (lightly wounded, chance to defeat MR: 93%) Nothing appears to happen.
Something hits you.
* * * LOW HITPOINT WARNING * * *
Something barely misses the giant cockroach.
Something hits you.
* * * LOW HITPOINT WARNING * * *
Casting: Pain
Confirm with . or Enter, or press ? or * to list all spells.
You don't have enough magic to cast that spell.
Unknown command.
Found a leather armour.
Something hits you but does no damage. Something hits you.
* * * LOW HITPOINT WARNING * * *
Something hits you.
You die...

#.## .....< .##.. ....#
#.#.#. ....#
#...###[..# # #......#
###.## #..###.#
###[.....
##..###.########......#
.#.<..........o{.#
.#...##Z#.....s.@#
.................#
...)..###...........
........##.......#...
..(...#..##...........
.)......#.##.......###
....#.#..#.###......
...#........#.....#
......#.#.#.# ..


You could see an orc and a giant cockroach.

Vanquished Creatures
  An adder (D:2)
  An orc (D:2)
  A bat (D:2)
  2 giant cockroaches (D:2)
  A goblin (D:2)
  A hobgoblin (D:1)
  2 kobolds (D:2)
  5 rats
14 creatures vanquished.

Notes
Turn   | Place    | Note
--------------------------------------------------------------
     0 | D:1      | macross the Demonspawn Necromancer began the quest for the Orb.
     0 | D:1      | Reached XP level 1. HP: 13/13 MP: 3/3
   239 | D:2      | Gained mutation: You have a pair of small antennae on your head. [demonic ancestry]
   239 | D:2      | Reached XP level 2. HP: 9/19 MP: 0/5
   629 | D:2      | Learned a level 1 spell: Animate Skeleton
  1128 | D:2      | Slain by an orc wizard

Vault maps used:
D:1:      minmay_arrival_cross, minmay_surrounded
D:2:      lemuel_round_altar, hangedman_decor_opposing, uniq_terence

Skill      XL: |  1 |
---------------+----+-----
Dodging        | 2 |  2.0
Armour         | |  0.1
Stealth        | |  1.7
Spellcasting   | |  2.3
Necromancy     | |  4.9

Action                   || total
-------------------------++-------
Melee: Unarmed           ||     3
 Cast: Pain              ||    23
       Animate Skeleton  ||     1
  Use: Scroll            ||     1
  Eat: Bread ration      ||     1
Armor: Leather armour    ||     9
Dodge: Dodged            ||    26
